Zazza, neutral female human Tourist --------------- ----- -------- |.............| |....# #.......| |.............| |...|# #|......| |.............| ##|...|# `|......| -------------|- # -----# ----------- #.......| # # # |.B.......| ###|......| ### # # ##f.@.......| # #----.--- # # # # |......_...# ### # # ### # # # -----------# # # # # # # # # # # # ### ------# # # # # # # # |....|############I`##################### # ---- ### #+....|# #-----# ### # # -.-.- |..| # ###|>...| #+...|# #-----### |...| |..| ---+- # ------ |....# #|..<|# |...| ---- |...+##### |...| #+...|# |...| |...| ----- |....# |...| |...| ----- ----- ----- # Zazza the Rambler Experience level: 2 Strength: 9 Dexterity: 9 Constitution: 17 Intelligence: 13 Wisdom: 9 Charisma: 18 Health: 0(25) Energy: 5(5) Def: 0 Gold: 1207 Moves: 1998 Dungeon seed: E8OLeoVooVy_letg Game ID: Zazza_1619211533 Your Inventory: Coins $ - 1207 gold pieces Weapons a - 38 +2 darts q - 2 +0 orcish daggers s - a +2 orcish dagger Q - a +0 elven dagger R - a +0 bow S - a +0 sling Armor e - an uncursed +0 Hawaiian shirt (being worn) y - a blessed +3 orcish helm Comestibles d - 6 uncursed slime molds f - 3 uncursed eggs g - 4 uncursed tripe rations h - an uncursed carrot K - an uncursed lembas wafer Scrolls o - an uncursed scroll of identify A - an uncursed scroll of enchant weapon Spellbooks p - an uncursed spellbook of charm monster w - an uncursed spellbook of force bolt Potions k - an uncursed potion of extra healing x - an uncursed potion of monster detection E - 2 uncursed potions of water J - an uncursed potion of gain ability Rings u - an uncursed +1 ring of increase accuracy v - an uncursed ring of see invisible I - an uncursed ring of poison resistance Wands F - a wand of light (0:13) Tools m - an expensive camera (0:83) n - an uncursed credit card Gems z - an uncursed touchstone N - an uncursed worthless piece of violet glass Spells and supernatural/magical abilities: Name Level Category Fail Memory W - pray for help -- divine ? -- Your skills at the end: Fighting Skills Weapon Skills dart [Basic] Spellcasting Skills Final Attributes: You were nominally aligned. You are dead. Vanquished creatures: a giant bat an acid blob 4 coyotes 2 gas spores 2 hobbits a yellow mold a gnome 2 geckos 3 jackals a kobold 3 goblins a sewer rat 8 grid bugs a lichen a kobold zombie 2 newts 34 creatures vanquished. Voluntary challenges: You never hit with a wielded weapon. You read items or engraved 16 times, starting on turn 430. You never genocided any monsters. You never polymorphed an object. You never changed form. You used no wishes. You never split a pudding. You wrote Elbereth's name 6 times, starting on turn 908. You never violated your personal moral code. Dungeon overview: The Dungeons of Doom: levels 1 to 5 Level 1 a long staircase Level 2 Level 3 a general store, a fountain stairs to The Gnomish Mines Level 4 Level 5 <- You were here a general store, an altar to The Lady The Gnomish Mines: Level 4 stairs to The Dungeons of Doom History has recorded: On T:1 you entered the Dungeons of Doom to retrieve the Amulet of Yendor! On T:292 you reached level 2 of The Dungeons of Doom. On T:557 you reached level 3 of The Dungeons of Doom. On T:1266 you reached level 1 of The Gnomish Mines. On T:1329 you reached level 4 of The Dungeons of Doom. On T:1815 you reached level 5 of The Dungeons of Doom. On T:1852 you advanced to experience level 2. Score breakdown: Gold: 698 ( 9675 points) Experience: 2 levels ( 5570 points) Exploration: 5 levels ( 10.00%) ( 8571 points) Discoveries: 1 item ( 0.34%) ( 1737 points) Valuables value: (no points given unless you survive) Artifact value: 0 ( 0 points) Variety of kills: 16 monsters ( 4.20%) ( 6147 points) Turncount: 1998 turns ( 0 points) Survival: died (score multiplied by 80%) Total score: 25360 Latest messages: The giant bat bites! (2x) Armand bites the giant bat. The giant bat misses Armand. The giant bat bites! Armand bites the giant bat. The giant bat misses Armand. (2x) Armand bites the giant bat. The giant bat is killed! You stop. Armand is in the way! You displace Armand. Armand bites the giant bat. The giant bat misses Armand. The giant bat bites! Armand bites the giant bat. You hear some noises. The giant bat bites Armand. Armand misses the giant bat. The giant bat misses Armand. (2x) Armand misses the giant bat. The giant bat bites! You displace Armand. The giant bat bites! (2x) You die... Final status: Aloha Zazza the Tourist, killed by a giant bat... You died in The Dungeons of Doom on dungeon level 5 with 25360 points, and 1207 pieces of gold, after 1998 moves. You were level 2 with a maximum of 25 hit points when you died.